 Dungeon Crawl Stone Soup version 0.26-a0-812-g31a745ddcd (webtiles) character file.

Game seed: 14128322358429804632

13 dickylongcocking the Chiller (level 2, -2/19 HPs)
             Began as a Merfolk Ice Elementalist on Nov 13, 2020.
             Slain by a gnoll
             ... wielding a +0 spear
              (7 damage)
             ... on level 1 of the Dungeon.
             The game lasted 00:00:20 (508 turns).

dickylongcocking the Chiller (MfIE)                  Turns: 508, Time: 00:00:21

Health: -2/19      AC:  2    Str:  8    XL:     2   Next: 37%
Magic:  1/5        EV: 13    Int: 14    God:
Gold:   0          SH:  0    Dex: 14    Spells: 4/5 levels left

rFire    . . .     SeeInvis .   (no weapon)
rCold    . . .     Faith    .   (no shield)
rNeg     . . .     Spirit   .   a - +0 robe
rPois    .         Reflect  .   (no helmet)
rElec    .         Harm     .   (no cloak)
rCorr    .         Rampage  .   (no gloves)
MR       .....                  (no boots)
Stlth    ++........             (no amulet)
HPRegen  0.06/turn              (no ring)
MPRegen  0.09/turn              (no ring)

@: no status effects
A: change form in water, swift swim, stealthy swim
a: no special abilities


You were on level 1 of the Dungeon.
You visited 1 branch of the dungeon, and saw 1 of its levels.

Inventory:

Armour
 a - a +0 robe (worn)
Jewellery
 c - an uncursed ring of flight {unknown}
Potions
 b - a potion of heal wounds {unknown}


   Skills:
 + Level 2.8 Dodging
 + Level 2.2 Stealth
 + Level 2.2 Spellcasting
 + Level 4.8 Ice Magic


You had 4 spell levels left.
You knew the following spells:

 Your Spells              Type           Power        Failure   Level
a - Freeze                Ice            ###.         3%          1

Your spell library contained the following spells:

 Spells                   Type           Power        Failure   Level
 Frozen Ramparts          Ice            ###...       10%         3
 Ozocubu's Armour         Ice            ###.....     10%         3
 Hailstorm                Conj/Ice       #.......     65%         4
 Summon Ice Beast         Ice/Summ       #.......     65%         4


Dungeon Overview and Level Annotations

Branches:
Dungeon (1/15)

Altars:


Message History

You freeze the hobgoblin.
The hobgoblin is almost dead.
The hobgoblin hits you. The gnoll barely misses you.
Casting: Freeze (safe; 3% risk of failure)
Confirm with . or Enter, or press ? or * to list all spells.
Aiming: Freeze (safe; 3% risk of failure)
Press: ? - help, Shift-Dir - straight line, f/p - hobgoblin
Aim: a hobgoblin (almost dead)
You freeze the hobgoblin.
You kill the hobgoblin!
The gnoll hits you from afar with a +0 spear.
Casting: Freeze (safe; 3% risk of failure)
Confirm with . or Enter, or press ? or * to list all spells.
You can't see any susceptible monsters within range! (Use Z to cast anyway.) Unknown command.
The gnoll hits you with a +0 spear.
* * * LOW HITPOINT WARNING * * *
You see here a stone.
The gnoll hits you from afar with a +0 spear!
You die...

#.# # #.#
##############
#.##.###
#............#
#......#
##....).......#
##+#.#.#
#.......†(....#
#....#..
#........g....#
#....###
+........(#+####
#.......
###.#####@#
#....### # #(#
#...>[.. #.#
#...#### #.#
#...##.. #.#
#...##.# #.#
#####...##.# #.#
............
#.##############.#
#.......# #.#


You could see a gnoll.

Vanquished Creatures
  A leopard gecko (D:1)
  A giant cockroach (D:1)
  2 goblins (D:1)
  A hobgoblin (D:1)
  4 kobolds (D:1)
  2 rats (D:1)
11 creatures vanquished.

Notes
Turn   | Place    | Note
-------+----------+-------------------------------------------
     0 | D:1      | dickylongcocking the Merfolk Ice Elementalist began the
                  | quest for the Orb.
     0 | D:1      | Reached XP level 1. HP: 13/13 MP: 3/3
   354 | D:1      | Reached XP level 2. HP: 14/19 MP: 1/5
   508 | D:1      | Slain by a gnoll

Illustrated notes

Levels and vault maps discovered:
D:1:      dpeg_arrival_tiny_d, layout_basic, chequers_serial_rivers_micro_b

Action                   || total
-------------------------++-------
Melee: Unarmed           ||     5
 Cast: Freeze            ||    16
Armor: Robe              ||     1
Dodge: Dodged            ||    16

Table legend: (Time is in decaauts)
 A = Elapsed time spent in this place.
 B = Non-inter-level travel time spent in this place.
 C = Inter-level travel time spent in this place.
 D = Time resting spent in this place.
 E = Time spent auto-exploring this place.
 F = Levels seen in this place.
 G = Mean time per level.
                   A        B        C        D        E       F      G
               +--------+--------+--------+--------+--------+-----+--------+
         Total |    507 |    507 |      0 |      0 |    447 |   1 |  507.0 |
       Dungeon |    507 |    507 |      0 |      0 |    447 |   1 |  507.0 |
               +--------+--------+--------+--------+--------+-----+--------+

Top non-repeatable levels by time:
     D:1: 507 daAuts
